 Dungeon Crawl Stone Soup version 0.17-a0-1910-g4c791fa (webtiles) character file.

357 GrandHerb the Sneak (level 6, -1/37 HPs)
             Began as a Tengu Assassin on Sept 25, 2015.
             Slain by a phantom (2 damage)
             ... on level 4 of the Dungeon.
             The game lasted 00:27:01 (3772 turns).

GrandHerb the Sneak (Tengu Assassin)                Turns: 3772, Time: 00:27:01

Health: -1/37      AC:  4    Str: 11    XL:     6   Next: 64%
Magic:  8/10       EV: 15    Int: 12    God:
Gold:   246        SH:  5    Dex: 17    Spells: 0 memorised, 10 levels left

rFire  . . .     SeeInvis .     a - +2 dagger
rCold  . . .     Clarity  .     c - +0 robe
rNeg   . . .     SustAt   .     v - +0 buckler
rPois  .         Gourm    .     (helmet restricted)
rElec  .         Spirit   .     d - +1 cloak
rCorr  +         Warding  .     (no gloves)
rMut   .         Stasis   .     (boots unavailable)
MR     .....                    y - amulet of resist corrosion
Stlth  +++.......               (no ring)
                                (no ring)

@: flying quickly and evasively, quick, not resistant to hostile enchantments,
fairly stealthy
A: beak, talons 3, able to fly 1
a: no special abilities


You were on level 4 of the Dungeon.
You were very hungry.

You visited 1 branch of the dungeon, and saw 4 of its levels.
You also visited: Sewer.

You collected 246 gold pieces.

Inventory:

Hand weapons
 a - a +2 dagger (weapon)
 b - a +0 blowgun
Missiles
 e - 7 poisoned needles
Armour
 c - a +0 robe (worn)
 d - a +1 cloak (worn)
 v - a +0 buckler (worn)
Jewellery
 y - an amulet of resist corrosion (around neck)
Scrolls
 h - a scroll of teleportation
 i - 2 scrolls of enchant armour
 k - a scroll of immolation {unknown}
 l - 4 scrolls of identify {unknown}
 n - a scroll of amnesia {unknown}
 p - 2 scrolls of recharging {unknown}
 q - 2 scrolls of blinking {unknown}
 r - 2 scrolls of remove curse
 s - a scroll of fear {unknown}
 t - 2 scrolls of noise {unknown}
Potions
 j - a potion of heal wounds {unknown}
 o - a potion of brilliance {unknown}
 u - a potion of resistance
 w - 2 potions of curing {unknown}
 x - a potion of might {unknown}
Comestibles
 g - a bread ration
 m - 4 meat rations


   Skills:
 + Level 3.3 Fighting
 + Level 3.5 Short Blades
 - Level 2.1 Throwing
 + Level 2.4 Dodging
 + Level 4.9 Stealth
 * Level 2.2 Shields
 + Level 2.6 Spellcasting


You had 10 spell levels left.
You didn't know any spells.

Dungeon Overview and Level Annotations

Branches:
Dungeon (4/15)
 Temple: D:4-7

Altars:

Annotations:
D:4 Zebura's ghost, average VSCK


Innate Abilities, Weirdness & Mutations

You have a beak for a mouth.
You have claws for feet.
You can fly.


Message History

The phantom is severely damaged.
You hit the phantom.
The phantom is severely damaged.
The phantom misses you.
You hit the phantom. You claw the phantom.
The phantom is almost destroyed.
The phantom hits you.
* * * LOW HITPOINT WARNING * * *
You hit the phantom. Your peck misses the phantom.
The phantom is almost destroyed.
The phantom blinks!
The phantom blinks!
The phantom blinks!
The phantom blinks!
You hit the phantom. Your kick misses the phantom.
The phantom is almost destroyed.
You closely miss the phantom.
The phantom is almost destroyed.
The phantom hits you.
You die...

#........##.# #.# #........##.#
#.# ##........##.# #.#
.............# #.#
#######.###### #.# # #.# #.# #
#. ###########.# #.# # #...
+.ยง.[.....#.# #.#
####....##.....W@...# #.#
#.......##..........# #.#
.........'..........# #.#
........##.....(....# #.#
....#.# ########'#.# #.#
....#.# #.#.# #.#
#...#.#############.#########.#
'...'.........................#
#...#......#.........##########


You could see a phantom.

Vanquished Creatures
  A sky beast (D:3)
  A giant frog (Sewer)
  A worker ant (D:4)
  9 adders
  An ooze (D:3)
  3 worms
  10 giant cockroaches
  6 hobgoblins
  2 ball pythons (Sewer)
  5 bats
  9 giant geckos
  11 giant newts
  5 goblins
  9 jackals (D:2)
  7 kobolds
  A quokka (D:4)
  8 rats
89 creatures vanquished.

Notes
Turn   | Place    | Note
--------------------------------------------------------------
     0 | D:1      | GrandHerb the Tengu Assassin began the quest for the Orb.
     0 | D:1      | Reached XP level 1. HP: 12/12 MP: 2/2
   236 | D:1      | Reached XP level 2. HP: 9/17 MP: 3/3
   874 | D:2      | Reached XP level 3. HP: 21/21 MP: 5/5
   943 | D:2      | Reached skill level 1 in Spellcasting
  1485 | D:2      | Reached XP level 4. HP: 6/27 MP: 5/7
  2286 | D:3      | Noticed a sky beast
  2714 | D:3      | Killed a sky beast
  2714 | D:3      | Reached skill level 1 in Shields
  2714 | D:3      | Gained mutation: You can fly. [Tengu growth]
  2714 | D:3      | Reached XP level 5. HP: 10/32 MP: 7/9
  2991 | D:4      | Noticed Zebura's ghost (average VSCK)
  3096 | D:4      | Reached XP level 6. HP: 37/37 MP: 10/10
  3141 | D:4      | Found a glowing drain.
  3146 | Sewer    | Entered a sewer
  3725 | D:4      | Noticed a phantom
  3765 | D:4      | HP: 1/37 [phantom (5)]
  3772 | D:4      | Slain by a phantom

Vault maps used:
D:1:      co_arrival_random_square_maze
D:2:      minmay_lizard_king
D:3:      minivault_26
D:4:      gup_sewer_entry_spiral, first_bread
Sewer:    sewer_frog_island_01

Action                   |  1- 3 |  4- 6 || total
-------------------------+-------+-------++-------
Melee: Dagger            |   109 |   176 ||   285
 Fire: Blowgun           |     7 |     7 ||    14
 Abil: Fly               |       |     7 ||     7
  Use: Scroll            |       |     3 ||     3
       Potion            |       |     2 ||     2
 Stab: Sleeping          |     5 |    12 ||    17
  Eat: Chunk             |     1 |     3 ||     4
       Meat ration       |       |     1 ||     1
